 Dungeon Crawl Stone Soup version 0.18.1-5-g4a78601 (webtiles) character file.

21629 PossumBlood the Fencer (level 12, -3/107 HPs)
             Began as a Minotaur Fighter on May 11, 2016.
             Was the Champion of Okawaru.
             Succumbed to Sonja's poison
             ... on level 12 of the Dungeon.
             The game lasted 00:33:51 (15972 turns).

PossumBlood the Fencer (Minotaur Fighter)          Turns: 15972, Time: 00:33:52

Health: -3/107     AC: 23    Str: 24    XL:     12   Next: 55%
Magic:  11/11      EV:  8    Int:  5    God:    Okawaru [******]
Gold:   835        SH:  0    Dex: 12    Spells: 0 memorised, 11 levels left

rFire  . . .     SeeInvis +     Y - +5 great sword (slice)
rCold  . . .     Gourm    .     p - +3 plate armour
rNeg   . . .     Faith    +     (shield currently unavailable)
rPois  .         Spirit   .     (helmet restricted)
rElec  .         Dismiss  .     t - +0 cloak
rCorr  .         Reflect  .     x - +0 pair of gloves
SustAt .         Harm     .     (no boots)
MR     .....                    n - amulet of faith
Stlth  ..........               Z - ring of see invisible
                                d - ring of wizardry

@: lethally poisoned (-3 -> -106), about to teleport, slowed, very slow, not
resistant to hostile enchantments, extremely unstealthy
A: retaliatory headbutt, horns 2
a: Heroism, Finesse, Renounce Religion


You were on level 12 of the Dungeon.
You worshipped Okawaru.
Okawaru was exalted by your worship.
You were not hungry.

You visited 2 branches of the dungeon, and saw 13 of its levels.
You also visited: Ossuary.

You collected 835 gold pieces.

Inventory:

Hand Weapons
 a - a +2 long sword
 l - the +6 dagger "Omnerhie" {distort, MR+ MP+9 Int+2}
   (You found it on level 5 of the Dungeon)

   It warps and distorts space around it.
   Unwielding it can cause banishment or high damage.
   It affects your intelligence (+2).
   It affects your resistance to hostile enchantments.
   It affects your magic capacity (+9).
 I - a +3 great sword
 W - the +8 morningstar of Generosity {crush, *Corrode rPois rC+ Int+5, unknown}
   (Okawaru gifted it to you on level 11 of the Dungeon)

   It inflicts extra damage upon your enemies.
   It affects your intelligence (+5).
   It protects you from cold.
   It protects you from poison.
   It may corrode you when you take damage.
 Y - a +5 great sword of slicing (weapon)
Armour
 c - a +1 shield
 p - a +3 plate armour (worn)
 t - a +0 cloak (worn)
 x - a +0 pair of gloves (worn)
Jewellery
 d - a ring of wizardry (left hand)
 j - an uncursed amulet of harm {unknown}
 n - an amulet of faith (around neck)
 P - an uncursed amulet of magic regeneration
 Z - a ring of see invisible (right hand)
Wands
 r - a wand of flame (33/48)
 A - a wand of flame (47/48)
 D - a wand of iceblast (8/15)
 U - a wand of flame (19/48)
Scrolls
 f - 8 scrolls of remove curse
 m - a scroll of identify
 o - 3 scrolls of magic mapping
 v - a scroll of amnesia
 y - 4 scrolls of teleportation
 C - a scroll of enchant weapon
 J - 2 scrolls of fear
 Q - a scroll of fog
 T - a scroll of noise
Potions
 e - 2 potions of lignification
 h - 3 potions of agility
 k - 2 potions of brilliance
 q - 3 potions of flight
 s - a potion of resistance
 u - a potion of mutation {unknown}
 z - 2 potions of might
 G - a potion of invisibility
 H - a potion of cure mutation {unknown}
 K - a potion of haste {unknown}
 M - a potion of cancellation {unknown}
 S - a potion of beneficial mutation {unknown}
 V - 3 potions of berserk rage {unknown}
Miscellaneous
 X - a phantom mirror
Comestibles
 b - 5 royal jellies
 g - 2 meat rations
 i - 5 beef jerkies
 E - 5 slices of pizza
 F - 2 bread rations


   Skills:
 - Level 10.3 Fighting
 * Level 16.5 Long Blades
 - Level 15.1 Armour
 - Level 3.6 Shields


You had 11 spell levels left.
You didn't know any spells.

Dungeon Overview and Level Annotations

Branches:
Dungeon (12/15)            Temple (1/1) D:5            Lair (0/8) D:8
    Orc (0/2) D:11

Altars:
Ashenzari
Cheibriados
Dithmenos
Elyvilon
Fedhas
Gozag
Kikubaaqudgha
Makhleb
Nemelex Xobeh
Okawaru
Pakellas
Qazlal
Ru
Sif Muna
Trog
Vehumet
Xom
Yredelemnul
Zin
The Shining One

Shops:
D:10 %

Annotations:
D:12 Sonja


Innate Abilities, Weirdness & Mutations

You reflexively headbutt those who attack you in melee.
You have a pair of horns on your head.


Message History

You closely miss Sonja. Your headbutt misses Sonja.
* * * LOW HITPOINT WARNING * * *
You feel extremely sick. Sonja completely misses you. You furiously retaliate!
You headbutt Sonja! Sonja barely misses you. Sonja hits you but does no damage.
You are more poisoned.
Sonja says, "Someone hired me to kill you, but I'm not supposed to say who."
Sonja hits you but does no damage.
You are more poisoned.
Sonja hits you with an uncursed dagger of venom.
* * * LOW HITPOINT WARNING * * *
You are more poisoned.
Sonja hits you but does no damage.
You are more poisoned.
Drink which item? (? for menu, Esc to quit)
Okay, then.
Read which item? (? for menu, Esc to quit)
As you read the scroll of teleportation, it crumbles to dust.
You feel strangely unstable.
You die...

#...#
#.##...# ##..
#.#.###.....#
#..
#.#....(.##.#
##.
#.#####..# ##
#. ##.## #
#####.(#
#.....(##
...#####(## .
#(@##
######(#K#
..>.......#
...####.###
#.. #.. #...
#... #####


You could see Sonja.

Vanquished Creatures
  Nessos (D:12)
  Erolcha (D:8)
  Fannar (D:10)
  Harold (D:11)
  An orc knight (D:12)
  5 hill giants
  An ugly thing (D:11)
  A cyclops (D:11)
  Joseph (D:7)
  A centaur zombie (D:11)
  Maurice (D:11)
  Psyche (D:10)
  A centaur skeleton (D:11)
  A kobold demonologist (D:11)
  3 komodo dragons (D:8)
  3 trolls
  A queen bee (D:12)
  Prince Ribbit (D:7)
  A two-headed ogre (D:6)
  25 yaks
  A human (D:7)
  A shadow (D:11)
  2 wyverns
  A hog (D:7)
  2 hungry ghosts
  Edmund (D:5)
  2 mottled dragons
  2 water moccasins
  2 ice beasts
  A black bear (D:6)
  5 orc warriors
  2 sky beasts
  2 necrophages
  7 ogres
  3 centaurs
  A crocodile (D:8)
  2 big kobolds
  Blork the orc (D:5)
  7 giant frogs
  3 scorpions
  12 wights
  24 killer bees
  2 jellies
  2 quasits
  3 crimson imps
  A human zombie (Ossuary)
  5 hounds
  3 orc priests (D:11)
  A gnoll shaman (D:10)
  18 orc wizards
  3 giant frog skeletons
  7 iguanas
  8 worker ants
  2 sheep (D:7)
  A big kobold zombie (Ossuary)
  A hound zombie (D:5)
  4 hound skeletons
  3 mummies (Ossuary)
  A howler monkey zombie (D:7)
  2 worker ant zombies
  11 adders
  9 gnolls
  2 shadow imps
  4 adder zombies (Ossuary)
  3 worms
  4 dart slugs
  7 giant geckos
  58 orcs
  A ball python (D:2)
  11 bats
  4 giant cockroaches
  A gnoll zombie (Ossuary)
  5 goblins
  7 hobgoblins
  13 jackals
  4 quokkas
  A giant gecko skeleton (D:6)
  8 giant newts
  2 goblin zombies (Ossuary)
  5 hobgoblin zombies (Ossuary)
  16 kobolds
  3 quokka zombies (Ossuary)
  7 rats
  A rat zombie (Ossuary)
390 creatures vanquished.

Vanquished Creatures (others)
  A worm (D:2)
  A rat (D:2)
2 creatures vanquished.

Grand Total: 392 creatures vanquished

Notes
Turn   | Place    | Note
--------------------------------------------------------------
     0 | D:1      | PossumBlood the Minotaur Fighter began the quest for the Orb.
     0 | D:1      | Reached XP level 1. HP: 19/19 MP: 0/0
    70 | D:1      | Reached skill level 3 in Long Blades
    74 | D:1      | Reached XP level 2. HP: 26/26 MP: 1/1
   215 | D:1      | Reached skill level 4 in Long Blades
   520 | D:1      | Reached XP level 3. HP: 31/31 MP: 2/2
   910 | D:2      | Reached skill level 5 in Long Blades
  1212 | D:2      | Reached XP level 4. HP: 31/39 MP: 3/3
  1436 | D:2      | Found a radiant altar of Vehumet.
  1633 | D:2      | Reached skill level 6 in Long Blades
  2261 | D:3      | Reached XP level 5. HP: 45/45 MP: 4/4
  2845 | D:3      | Found an opulent altar of Gozag.
  3112 | D:4      | Reached skill level 7 in Long Blades
  3272 | D:4      | Reached XP level 6. HP: 51/51 MP: 5/5
  3360 | D:4      | You fall through a shaft for 2 floors!
  3713 | D:6      | Reached skill level 8 in Long Blades
  3826 | D:6      | Reached skill level 9 in Long Blades
  3828 | D:6      | Reached XP level 7. HP: 32/57 MP: 6/6
  4282 | D:6      | Reached skill level 10 in Long Blades
  4588 | D:6      | Noticed a two-headed ogre
  4595 | D:6      | Killed a two-headed ogre
  4621 | D:6      | Reached skill level 11 in Long Blades
  4632 | D:5      | Entered Level 5 of the Dungeon
  4665 | D:5      | Reached XP level 8. HP: 64/64 MP: 7/7
  5336 | D:5      | Reached skill level 12 in Long Blades
  5450 | D:5      | Noticed Edmund
  5463 | D:5      | Killed Edmund
  5544 | D:5      | Noticed Blork the orc
  5548 | D:5      | Killed Blork the orc
  5693 | D:5      | Found a staircase to the Ecumenical Temple.
  5701 | Temple   | Entered the Ecumenical Temple
  6194 | D:5      | Got a dazzling dagger
  6195 | D:5      | Identified the +6 dagger "Omnerhie" {distort, MR+ MP+9 Int+2} (You found it on level 5 of the Dungeon)
  6730 | D:7      | Noticed Prince Ribbit
  6735 | D:7      | Reached skill level 13 in Long Blades
  6742 | D:7      | Killed Prince Ribbit
  6746 | D:7      | Reached XP level 9. HP: 53/70 MP: 8/8
  6920 | D:7      | Noticed Joseph
  6941 | D:7      | Killed Joseph
  6941 | D:7      | Reached skill level 14 in Long Blades
  7531 | D:7      | Found a sacrificial altar of Ru.
  7576 | D:7      | Reached skill level 5 in Fighting
  8101 | D:7      | Found a burning altar of Makhleb.
  8103 | D:7      | Found an iron altar of Okawaru.
  8128 | D:7      | Found a white marble altar of Elyvilon.
  8337 | D:7      | Found a snail-covered altar of Cheibriados.
  8591 | D:7      | Became a worshipper of Warmaster Okawaru
  8679 | D:8      | Reached XP level 10. HP: 90/92 MP: 9/9
  8724 | D:8      | Found a sand-covered staircase.
  8729 | Ossuary  | Entered an ossuary
  8883 | Ossuary  | Reached skill level 10 in Fighting
  9036 | D:8      | Noticed Erolcha
  9046 | D:8      | Killed Erolcha
  9046 | D:8      | Reached * piety under Okawaru
  9704 | D:8      | Reached ** piety under Okawaru
  9844 | D:8      | Found a staircase to the Lair.
 10454 | D:9      | Reached *** piety under Okawaru
 10454 | D:9      | Reached skill level 10 in Armour
 10612 | D:9      | Noticed a hill giant
 10623 | D:9      | Killed a hill giant
 11019 | D:9      | Reached XP level 11. HP: 83/99 MP: 10/10
 11033 | D:9      | Reached **** piety under Okawaru
 11341 | D:9      | Found a sparkling altar of Nemelex Xobeh.
 11528 | D:9      | Found a deep blue altar of Sif Muna.
 11528 | D:9      | Found an ancient bone altar of Kikubaaqudgha.
 11866 | D:10     | Entered Level 10 of the Dungeon
 11869 | D:10     | Noticed a hill giant
 11877 | D:10     | Killed a hill giant
 12270 | D:10     | Found Plog's Food Boutique.
 12307 | D:10     | Noticed Psyche
 12374 | D:10     | Found a sacrificial altar of Ru.
 12391 | D:10     | Killed Psyche
 12391 | D:10     | Reached ***** piety under Okawaru
 12677 | D:10     | Noticed Fannar
 12742 | D:10     | Killed Fannar
 13313 | D:11     | Found a staircase to the Orcish Mines.
 13341 | D:11     | Noticed Harold
 13349 | D:11     | Killed Harold
 13621 | D:11     | Noticed a hill giant
 13630 | D:11     | Killed a hill giant
 13630 | D:11     | Received a gift from Okawaru
 13631 | D:11     | Got a transparent morningstar {god gift}
 13934 | D:11     | Reached skill level 15 in Armour
 13974 | D:11     | Received a gift from Okawaru
 14157 | D:11     | Reached ****** piety under Okawaru
 14157 | D:11     | Reached XP level 12. HP: 15/107 MP: 11/11
 14480 | D:11     | Noticed Maurice
 14507 | D:11     | Killed Maurice
 14507 | D:11     | Reached skill level 15 in Long Blades
 15728 | D:12     | Noticed Nessos
 15732 | D:12     | Received a gift from Okawaru
 15736 | D:12     | Killed Nessos
 15736 | D:12     | Reached skill level 16 in Long Blades
 15865 | D:12     | Found a sacrificial altar of Ru.
 15959 | D:12     | Noticed Sonja
 15972 | D:12     | Succumbed to Sonja's poison

Skill      XL: |  1  2  3  4  5  6  7  8  9 10 11 12 |
---------------+-------------------------------------+-----
Long Blades    | 3 4 5 6 7 9 11 13 14 16 | 16.5
Fighting       | 9 10 | 10.3
Armour         | 11 15 | 15.1
Shields        | |  3.6

Action                   |  1- 3 |  4- 6 |  7- 9 | 10-12 || total
-------------------------+-------+-------+-------+-------++-------
Melee: Long sword        |    99 |   154 |   333 |   678 ||  1264
       Headbutt          |    13 |    19 |    64 |   163 ||   259
       Great sword       |       |       |       |   151 ||   151
Invok: Heroism           |       |       |       |     2 ||     2
  Use: Scroll            |       |    10 |    11 |    10 ||    31
       Potion            |       |     1 |       |     7 ||     8
  Eat: Bread ration      |     1 |     1 |     2 |     4 ||     8
       Fruit             |       |     1 |     3 |     1 ||     5
       Royal jelly       |       |       |     1 |     1 ||     2
       Meat ration       |       |       |     1 |     1 ||     2
       Beef jerky        |       |       |     1 |       ||     1
       Pizza             |       |       |       |     3 ||     3
Armor: Scale mail        |    49 |    22 |       |       ||    71
       Plate armour      |       |    36 |   132 |   457 ||   625
Dodge: Dodged            |    30 |    26 |    36 |   186 ||   278
Block: Shield            |    48 |    61 |   155 |   259 ||   523
